[Event "*** Titled Tuesday Blitz"]
[Site "Chess.com"]
[Date "2021.04.20"]
[Round "4"]
[White "TigrVShlyape"]
[Black "anon481216"]
[Result "1-0"]
[WhiteElo "2816"]
[BlackElo "2540"]
[TimeControl "180+1"]
[EndTime "10:37:20 PDT"]
[Termination "TigrVShlyape won by resignation"]

1. e4 c5 2. Nf3 d6 3. d4 cxd4 4. Nxd4 Nf6 5. Nc3 a6 6. a4 e5 7.
Nf3 Be7 8. Bc4 O-O 9. O-O Be6 10.
Qe2 Qc7 11. Bb3 Rc8 12. Rd1 Bc4 13. Qe1 h6 14. Be3 Nbd7 15. Nd2 Bxb3 16. cxb3 Qd8 17.
Nc4 Qf8 18. Qe2 Rc6 19. b4 Rac8 20. b3 R6c7 21. b5 Nc5 22. Bxc5 Rxc5 23. h3 axb5 24. Nxb5 d5 25. exd5 Nxd5 26. Qf3 Nb4 27. Qxb7 Bf6 28. Rab1 Rb8 29. Qe4 Nc6 30. b4 Rcxb5 31. axb5 1-0

[Event "*** Titled Tuesday Blitz"]
[Site "Chess.com"]
[Date "2021.04.20"]
[Round "4"]
[White "FarOut1364"]
[Black "MFBerna"]
[Result "1-0"]
[WhiteElo "2730"]
[BlackElo "2511"]
[TimeControl "180+1"]
[EndTime "10:37:20 PDT"]
[Termination "FarOut1364 won on time"]

1. Nf3 d5 2. e3 Nf6 3. c4 c6 4.
Nc3 e6 5. b3 Nbd7 6. Bb2 Bd6 7.
Qc2 Qe7 8. Rg1 e5 9. cxd5 cxd5 10.
Nb5 a6 11. Nxd6+ Qxd6 12. g4 h6 13. h4 e4 14. Nd4 Ne5 15. g5 hxg5 16. hxg5 Nfg4 17.
Rc1 Bd7 18. Qc7 Qxc7 19. Rxc7 b6 20. Be2 Nh2 21. Kd1 Bg4 22. Nf5 Bxf5 23. Bxe5 Nf3 24. Bxf3 exf3 25. Kc1 O-O 26. Kb2 Rfc8 27. Rc3 Rxc3 28.
Bxc3 Rc8 29. Rg3 Be4 30. a4 b5 31. a5 d4 32. exd4 Bd5 33. g6 Re8 34. gxf7+ Kxf7 35. Rg5 Rd8 36. Ka3 g6 37. Kb4 Kf6 38. Re5 g5 39. d3 g4 40. Bd2 Rh8 41. Bf4 Be6 42. d5 Bf7 43. d6 Rh1 44. d7 Rh8 45. d4 Rd8 46.
Bg5+ 1-0

[Event "*** Titled Tuesday Blitz"]
[Site "Chess.com"]
[Date "2021.04.20"]
[Round "4"]
[White "rynos0411"]
[Black "Roedor"]
[Result "1-0"]
[WhiteElo "2444"]
[BlackElo "2271"]
[TimeControl "180+1"]
[EndTime "10:37:20 PDT"]
[Termination "rynos0411 won by resignation"]

1. d4 Nf6 2. c4 g6 3. Nc3 d5 4. cxd5 Nxd5 5. Na4 Bg7 6. e4 Nb6 7. Nf3 Nxa4 8. Qxa4+ c6 9. Be3 O-O 10. Be2 b5 11. Qc2 Bb7 12. O-O a5 13. Rfd1 Na6 14.
a3 a4 15. Rac1 Rc8 16. h3 Qa5 17. Bd2 Qb6 18. Bc3 e6 19. Qd2 Qa7 20. h4 Rfd8 21. Qf4 c5 22. dxc5 Rxd1+ 23. Rxd1 Bxc3 24. bxc3 Qxc5 25. Rd7 Rf8 26. Rxb7 Qxa3 27. Ng5 f6 28. Nxe6 Qa1+ 29. Kh2 a3 30. Rg7+ Kh8 31. Qh6 1-0

[Event "*** Titled Tuesday Blitz"]
[Site "Chess.com"]
[Date "2021.04.20"]
[Round "4"]
[White "viktorgen2021"]
[Black "Joseacorrea"]
[Result "1-0"]
[WhiteElo "2373"]
[BlackElo "2060"]
[TimeControl "180+1"]
[EndTime "10:37:20 PDT"]
[Termination "viktorgen2021 won by checkmate"]

1. d4 e6 2. Nf3 f5 3. g3 Nf6 4.
Bg2 c6 5. c4 d5 6. Nc3 Bd6 7. O-O Nbd7 8. Nd2 O-O 9. f3 e5 10.
dxe5 Nxe5 11. cxd5 cxd5 12. f4 Qb6+ 13. Kh1 Neg4 14.
Nb3 Nf2+ 15. Rxf2 Qxf2 16. Nxd5 Bc5 17. Nxf6+ Rxf6 18. Qd5+ Be6 19. Qxc5 Qxe2 20. Be3 Bxb3 21. axb3 Re8 22. Bg1 Qxb2 23. Rxa7 h6 24. Rxb7 Re2 25. Qc7 Rg6 26. Qc4+ Kh7 27. Qd5 h5 28. Rb8 h4 29.
Qg8+ Kh6 30. Qh8# 1-0

[Event "*** Titled Tuesday Blitz"]
[Site "Chess.com"]
[Date "2021.04.20"]
[Round "4"]
[White "Pelopidass"]
[Black "KacperPolOK"]
[Result "1-0"]
[WhiteElo "2561"]
[BlackElo "2364"]
[TimeControl "180+1"]
[EndTime "10:37:22 PDT"]
[Termination "Pelopidass won by resignation"]

1. e4 c5 2. b4 e5 3. Nf3 Nc6 4. Bb2 Nd4 5. Bc4 Nxf3+ 6. Qxf3 Qf6 7. Bxe5 Qxf3 8. gxf3 cxb4 9. a3 Nf6 10. Rg1 bxa3 11.
Nxa3 d6 12. Bxf6 gxf6 13. Nb5 Kd8 14. Nxa7 Rb8 15. Bxf7 Bd7 16. Bd5 Bh6 17. Ke2 Bf4 18. h4 Re8 19. Rgb1 Re7 20. Rxb7 Rxb7 21. Bxb7 Rg7 22. Bd5 Rg2 23. c4 Bg3 24. Rf1 Bxh4 25.
Nb5 Bxb5 26. cxb5 Kc7 27. f4 Kb6 28. Kf3 Rh2 29. Bc6 h5 30. d4 Rh3+ 31. Kg2 Rd3 32. Rh1 1-0

[Event "*** Titled Tuesday Blitz"]
[Site "Chess.com"]
[Date "2021.04.20"]
[Round "4"]
[White "GadimbayliA"]
[Black "Mikhail_Golubev"]
[Result "0-1"]
[WhiteElo "2750"]
[BlackElo "2598"]
[TimeControl "180+1"]
[EndTime "10:37:23 PDT"]
[Termination "Mikhail_Golubev won by resignation"]

1. e4 c5 2. Nf3 d6 3. d4 cxd4 4. Nxd4 Nf6 5. Nc3 g6 6. Be3 Bg7 7. Qd2 Nc6 8. O-O-O Ng4 9. Nxc6 bxc6 10. Bd4 Bh6 11.
Be3 Nxe3 12. fxe3 Qb6 13. Re1 Rb8 14. b3 Qb4 15. e5 Bg7 16. Nd1 Qa3+ 17. Kb1 Bxe5 18.
h4 a5 19. h5 g5 20. Bc4 Bg4 21. c3 a4 22. Qb2 Qc5 23. Rhf1 O-O 24. Nf2 Bxh5 25.
Nd3 Bg6 26. e4 Qxc4 27. bxc4 Bxc3 28. Kc2 Bxb2 29. Nxb2 a3 30. Nd3 c5 31. Kc3 f6 32. g4 h5 33. gxh5 Bxh5 34. Rh1 Bg6 35. Nc1 Rb2 36. Rhg1 Kg7 37. Rh1 Rh8 38. Rxh8 Kxh8 39.
Re2 Rxe2 40. Nxe2 Bxe4 41. Kb3 Bd3 42. Nc1 Bf1 43. Kxa3 g4 44. Nb3 g3 0-1

[Event "*** Titled Tuesday Blitz"]
[Site "Chess.com"]
[Date "2021.04.20"]
[Round "4"]
[White "korbul"]
[Black "PawnEatingZombie"]
[Result "1-0"]
[WhiteElo "2591"]
[BlackElo "2195"]
[TimeControl "180+1"]
[EndTime "10:37:26 PDT"]
[Termination "korbul won by checkmate"]

1. e4 c6 2. Nf3 d5 3. Nc3 Bg4 4. h3 Bh5 5. g4 Bg6 6. exd5 cxd5 7. Bb5+ Nc6 8. Ne5 Rc8 9. d4 e6 10. h4 f6 11. Nxg6 hxg6 12. Bd3 Kf7 13. h5 gxh5 14. gxh5 Nge7 15. Be3 Nb4 16. Bg6+ Kg8 17. Qg4 Qb6 18. O-O-O Rxc3 19. bxc3 Nxa2+ 20. Kd2 Qc6 21. c4 dxc4 22. c3 f5 23. Qg3 Nd5 24. h6 Naxc3 25. h7+ Rxh7 26.
Bxh7+ Kh8 27. Bxf5+ Kg8 28. Bh7+ Kf7 29. Bg6+ Ke7 30.
Bg5+ Kd7 31. Qb8 Be7 32. Be8# 1-0

[Event "*** Titled Tuesday Blitz"]
[Site "Chess.com"]
[Date "2021.04.20"]
[Round "4"]
[White "federicosellitti"]
[Black "HrvojeZagreb"]
[Result "0-1"]
[WhiteElo "2590"]
[BlackElo "2292"]
[TimeControl "180+1"]
[EndTime "10:37:27 PDT"]
[Termination "HrvojeZagreb won on time"]

1. e4 e6 2. b3 d5 3. Bb2 dxe4 4. Nc3 Nf6 5. Qe2 Nbd7 6. O-O-O Be7 7. Nxe4 Nxe4 8. Qxe4 Bf6 9. d4 c5 10. Nf3 O-O 11.
h4 cxd4 12. Nxd4 Nc5 13. Qf3 Qb6 14. h5 h6 15. Bc4 Bd7 16. Kb1 a5 17. a4 Bxa4 18.
Rh3 Bxb3 19. cxb3 a4 20. Rg3 Be5 21. Qg4 axb3 22. Nf5 Ra1+ 23. Kxa1 Qa5+ 24. Kb1 Qa2+ 0-1

[Event "*** Titled Tuesday Blitz"]
[Site "Chess.com"]
[Date "2021.04.20"]
[Round "4"]
[White "VD_coach"]
[Black "Szparu"]
[Result "0-1"]
[WhiteElo "2496"]
[BlackElo "2684"]
[TimeControl "180+1"]
[EndTime "10:37:29 PDT"]
[Termination "Szparu won on time"]

1. Nf3 c5 2. d4 cxd4 3. c4 dxc3 4.
Nxc3 Nc6 5. e4 e6 6. Bc4 a6 7. Qe2 b5 8. Bb3 Na5 9. Bc2 Bb7 10. O-O Ne7 11. Bg5 f6 12. Bh4 Ng6 13. Bg3 Rc8 14.
Rad1 Nc4 15. Nd4 Qb6 16. h4 Nxb2 17. Nd5 Qa7 18. h5 Nxd1 19. Rxd1 Ne5 20. Nf4 Bc5 21.
Ndxe6 dxe6 22. Nxe6 Bc6 23. h6 g6 24. Ng7+ Ke7 25.
Kh2 Rhd8 26. f4 Rxd1 27. Qxd1 Rd8 28. Qa1 Bd4 29. Qc1 Ng4+ 30. Kh3 Bd7 31. f5 Ne3 32. Bb3 Qc5 33. Qe1 Qc3 34. Qf2 Nxf5 35. Qf4 Qxg3+ 0-1

[Event "*** Titled Tuesday Blitz"]
[Site "Chess.com"]
[Date "2021.04.20"]
[Round "4"]
[White "NateSolon"]
[Black "djano"]
[Result "1-0"]
[WhiteElo "2643"]
[BlackElo "2473"]
[TimeControl "180+1"]
[EndTime "10:37:29 PDT"]
[Termination "NateSolon won by resignation"]

1. d4 Nf6 2. c4 c6 3. Nf3 d5 4. g3 g6 5. Bg2 Bg7 6. O-O O-O 7. Ne5 Ng4 8. cxd5 cxd5 9. Nxg4 Bxg4 10. Nc3 Nc6 11. h3 Bf5 12. e3 e5 13. dxe5 d4 14. exd4 Nxd4 15. Bf4 g5 16. Be3 Bxe5 17. Qh5 Ne6 18.
Rad1 Qb8 19. Nd5 Bg6 20. Qg4 h5 21. Qb4 Kg7 22. f4 Bd6 23. Qc3+ f6 24. f5 Be5 25.
Qb3 Bxg3 26. fxe6 Qe5 27. Qxb7+ Kh6 28. Bd4 Qxe6 29. Bxf6 Bf7 30. Qe7 Qxe7 31. Bxe7 Bxd5 32. Bxf8+ Kg6 33. Bxd5 1-0

[Event "*** Titled Tuesday Blitz"]
[Site "Chess.com"]
[Date "2021.04.20"]
[Round "4"]
[White "beto-betun"]
[Black "JiiHart"]
[Result "1-0"]
[WhiteElo "2220"]
[BlackElo "1988"]
[TimeControl "180+1"]
[EndTime "10:37:29 PDT"]
[Termination "beto-betun won by resignation"]

1. d4 Nf6 2. Nf3 g6 3. g3 Bg7 4. Bg2 O-O 5. O-O d5 6. c4 c6 7. b3 Nbd7 8. Bb2 a6 9. Nbd2 b5 10. Qc2 bxc4 11. bxc4 a5 12. Ba3 Re8 13. Rfe1 e5 14.
dxe5 Nxe5 15. Nxe5 Rxe5 16. Nf3 Bf5 17. Qd1 Re4 18. Nd4 Rxd4 19. Qxd4 Ne4 20. Qd1 Bxa1 21. Qxa1 Qf6 22. Bb2 Qe6 23. cxd5 cxd5 24. f3 Ng5 25. Bd4 Nh3+ 26. Bxh3 Bxh3 27. Qc1 f6 28. Qf4 Bf5 29. g4 Bd3 30. Kf2 Re8 31. a4 f5 32. Qc7 Re7 33. Qxa5 Bxe2 34. Qd8+ Re8 35. Qc7 Re7 36. Qb8+ Re8 37.
Qb7 Re7 38. Qb2 fxg4 39. Rxe2 Qxe2+ 40. Qxe2 Rxe2+ 41. Kxe2 gxf3+ 42. Kxf3 Kf7 43. a5 Ke6 44. a6 1-0

[Event "*** Titled Tuesday Blitz"]
[Site "Chess.com"]
[Date "2021.04.20"]
[Round "4"]
[White "A-S-00"]
[Black "DrCeltic"]
[Result "0-1"]
[WhiteElo "2328"]
[BlackElo "2493"]
[TimeControl "180+1"]
[EndTime "10:37:30 PDT"]
[Termination "DrCeltic won by checkmate"]

1. d4 d5 2. Nf3 Nf6 3. c4 c6 4. Nc3 dxc4 5. a4 Bf5 6. e3 e6 7. Bxc4 Bb4 8. O-O Nbd7 9. Qe2 Bg6 10. Rd1 O-O 11. Bb3 Qe7 12. Bc2 Bh5 13. h3 e5 14. g4 Nxg4 15. hxg4 Bxg4 16. e4 Qf6 17. Rd3 exd4 18. Na2 Ne5 19. Bd1 Bd6 20. Kf1 c5 21. b3 Nxd3 22. Qxd3 Rfe8 23. Be2 Qg6 24.
Bb2 Rxe4 25. Re1 Bh3# 0-1

[Event "*** Titled Tuesday Blitz"]
[Site "Chess.com"]
[Date "2021.04.20"]
[Round "4"]
[White "yuki_chess123"]
[Black "Didici"]
[Result "0-1"]
[WhiteElo "2248"]
[BlackElo "2600"]
[TimeControl "180+1"]
[EndTime "10:37:31 PDT"]
[Termination "Didici won on time"]

1. d4 d5 2. Nf3 Nf6 3. c4 e6 4. Nc3 Bb4 5. Qa4+ Nc6 6. cxd5 exd5 7. Bg5 h6 8. Bxf6 Qxf6 9. e3 O-O 10. Bb5 Bd7 11.
O-O Bxc3 12. bxc3 a6 13. Bxc6 Bxc6 14. Qa5 b6 15. Qa3 Rfe8 16. Ne5 Bb5 17. Rfc1 Qe6 18.
Qb3 f6 19. Ng6 Bc4 20. Nf4 Qf5 21. Qc2 Qxc2 22. Rxc2 g5 23. Ne2 Kf7 24. Ng3 Kg6 25. a3 h5 26. Nf1 h4 27. Nd2 Bd3 28. Rcc1 a5 29. c4 dxc4 30. Nxc4 Rac8 31. Rc3 Be4 32. Rac1 Bf5 33. f3 a4 34. e4 Bd7 35.
Ne3 c6 36. Nc4 Rb8 37. Rb1 b5 38. Na5 Red8 39. Rbc1 Rb6 0-1

[Event "*** Titled Tuesday Blitz"]
[Site "Chess.com"]
[Date "2021.04.20"]
[Round "4"]
[White "noblerone"]
[Black "allejam"]
[Result "1/2-1/2"]
[WhiteElo "2397"]
[BlackElo "2216"]
[TimeControl "180+1"]
[EndTime "10:37:31 PDT"]
[Termination "Game drawn by repetition"]

1. d4 d5 2. Nf3 Nf6 3. Bg5 Bf5 4.
c4 e6 5. Nc3 Be7 6. e3 O-O 7.
Be2 c6 8. Qb3 Nbd7 9. O-O Qb6 10.
c5 Qc7 11. Bf4 Qc8 12. h3 Ne4 13. Nxe4 Bxe4 14. Qc3 Bd8 15. b4 Bc7 16. Bxc7 Qxc7 17. a4 a6 18. b5 axb5 19. axb5 h6 20. b6 Qd8 21. Ra7 Rxa7 22. bxa7 Qc7 23. Ra1 Ra8 24. Nd2 Bg6 25. Qb4 b6 26. cxb6 Nxb6 27. Ra6 Nc8 28. Qc5 Nxa7 29. Nf3 f6 30. Bb5 Qb7 31. Rb6 Qc7 32.
Ra6 Qb7 33. Rb6 Qc7 34. Ra6 1/2-1/2

[Event "*** Titled Tuesday Blitz"]
[Site "Chess.com"]
[Date "2021.04.20"]
[Round "4"]
[White "Azerichess"]
[Black "BahadirOzen"]
[Result "1-0"]
[WhiteElo "3002"]
[BlackElo "2700"]
[TimeControl "180+1"]
[EndTime "10:37:32 PDT"]
[Termination "Azerichess won by checkmate"]

1. d4 d6 2. e4 g6 3. Nc3 Bg7 4.
h4 h5 5. Bg5 c6 6. Qd2 Nd7 7. Nf3 b5 8. e5 dxe5 9. O-O-O b4 10.
Ne4 Ngf6 11. Bd3 Qa5 12. Kb1 O-O 13. g4 hxg4 14. h5 gxf3 15. hxg6 Nxe4 16. Bxe4 Nf6 17. Bxf6 exf6 18. Rdg1 Be6 19. b3 fxg6 20. Rxg6 Rf7 21. Qh6 Kf8 22. Rxg7 Ke7 23. Bg6 Rxg7 24. Qxg7+ Kd6 25.
Qxf6 exd4 26. Qxd4+ Bd5 27. Qf4+ Kc5 28. Qe3+ Kd6 29.
Rh7 Qd8 30. Bf5 Qf6 31. Rd7# 1-0

[Event "*** Titled Tuesday Blitz"]
[Site "Chess.com"]
[Date "2021.04.20"]
[Round "4"]
[White "Sjakkerntobi"]
[Black "jucAxx"]
[Result "1-0"]
[WhiteElo "2393"]
[BlackElo "2118"]
[TimeControl "180+1"]
[EndTime "10:37:32 PDT"]
[Termination "Sjakkerntobi won by resignation"]

1. e4 e6 2. d4 d5 3. Nd2 c5 4.
Ngf3 Nc6 5. exd5 exd5 6. Bb5 Bd6 7. O-O cxd4 8. Nxd4 Ne7 9. N2b3 O-O 10. c3 a6 11.
Bd3 Ne5 12. Bc2 Qb6 13. h3 Nc4 14. Qf3 Bd7 15. Rb1 Qc7 16. Qh5 f5 17. Bg5 Nc6 18.
Rfe1 h6 19. Bc1 Be8 20. Qf3 Rf6 21. Qxd5+ Bf7 22. Qf3 N6e5 23. Qe2 Re8 24. Bf4 Nc6 25. Qxe8+ Bxe8 26. Rxe8+ Kf7 27. Bxd6 Nxd6 28. Re2 Nxd4 29.
Nxd4 Nb5 30. Nxb5 axb5 31. Bb3+ Kg6 32. Rbe1 f4 33. Re7 Qc5 34. Bc2+ Kh5 35. R7e5+ 1-0

[Event "*** Titled Tuesday Blitz"]
[Site "Chess.com"]
[Date "2021.04.20"]
[Round "4"]
[White "WashUntilHoles"]
[Black "saikrishnaReturns"]
[Result "0-1"]
[WhiteElo "2801"]
[BlackElo "2679"]
[TimeControl "180+1"]
[EndTime "10:37:33 PDT"]
[Termination "saikrishnaReturns won by resignation"]

1. e4 e5 2. Nf3 Nc6 3. Bb5 a6 4. Ba4 d6 5. c3 f5 6. exf5 Bxf5 7. d4 e4 8. d5 exf3 9. Qxf3 Bxb1 10. dxc6 b5 11.
Rxb1 bxa4 12. O-O Nf6 13. Bg5 Be7 14. Bxf6 Bxf6 15. Rbe1+ Kf8 16. Re6 Rb8 17. Rfe1 Rxb2 18. g4 h6 19. h4 Rb5 20. c4 Rc5 21. Qf4 Kf7 22. Qe4 Rf8 23. Qh7 Rxc4 24. g5 hxg5 25.
Qh5+ Kg8 26. Re8 Rxh4 27. Qg6 Rh6 28. Rxf8+ Qxf8 29. Qf5 Be5 30. Qg4 Qf4 0-1

[Event "*** Titled Tuesday Blitz"]
[Site "Chess.com"]
[Date "2021.04.20"]
[Round "4"]
[White "Zkid"]
[Black "TST2014"]
[Result "1-0"]
[WhiteElo "2831"]
[BlackElo "2650"]
[TimeControl "180+1"]
[EndTime "10:37:33 PDT"]
[Termination "Zkid won by resignation"]

1. d4 Nf6 2. c4 c5 3. d5 b5 4. cxb5 a6 5. bxa6 Bxa6 6. Nc3 g6 7. e4 Bxf1 8. Kxf1 d6 9. g3 Qc8 10. Kg2 Bg7 11. Nf3 O-O 12. Bg5 Nbd7 13. Qc1 Qa6 14. Bh6 Rfb8 15. Bxg7 Kxg7 16. Nd2 Qd3 17. Re1 Ne5 18. h3 Qa6 19. Re3 Nd3 20. Qc2 Nxb2 21. Rb1 Nc4 22. Nxc4 Qxc4 23. Rxb8 Rxb8 24. Qd2 Nd7 25.
f4 f6 26. Nd1 Rb1 27. Nf2 Qf1+ 28. Kf3 c4 29. Qd4 Nc5 30. e5 Nd3 31. exf6+ exf6 32. Re7+ Kh6 33. Qxf6 Qxf2+ 34. Kg4 Ne5+ 35. Rxe5 Qxg3+ 36. Kxg3 dxe5 37. fxe5 c3 38. Qf8+ Kh5 39. Qf3+ Kh6 40.
Qxc3 Rg1+ 41. Kh2 Rf1 42. e6 Rf2+ 43. Kg3 Rf8 44. e7 Rc8 45. Qxc8 g5 46. e8=Q g4 47.
Qce6+ 1-0

[Event "*** Titled Tuesday Blitz"]
[Site "Chess.com"]
[Date "2021.04.20"]
[Round "4"]
[White "LamaChampetre"]
[Black "hedgehog280"]
[Result "0-1"]
[WhiteElo "2184"]
[BlackElo "2554"]
[TimeControl "180+1"]
[EndTime "10:37:34 PDT"]
[Termination "hedgehog280 won on time"]

1. d4 f5 2. g3 Nf6 3. Bg2 e6 4. Nf3 Be7 5. O-O O-O 6. c4 c6 7. Nc3 d5 8. b3 Ne4 9. Bb2 Nd7 10. e3 Ndf6 11. Nd2 Bd7 12. Ncxe4 fxe4 13. f3 exf3 14. Nxf3 Bd6 15. Qc2 Ne4 16. Nd2 Nxd2 17. Qxd2 Qg5 18.
Qc3 h5 19. e4 dxe4 20. Bxe4 h4 21. Kg2 hxg3 22. hxg3 Rxf1 23. Rxf1 Rf8 24. Rxf8+ Kxf8 25. Qf3+ Kg8 26. Bc3 Qc1 27. Qd3 Be8 28. Bh7+ Kh8 29.
Be4 Bh5 30. Bd2 Qb2 31. Kh3 Qa1 32. Kh4 Bf7 33. g4 Qg1 34. Qh3 Be7+ 35. Bg5 Qe1+ 36. Qg3 Bxg5+ 37. Kh3 Qxe4 38. Qb8+ Kh7 39. Qxb7 Qf3+ 40.
Kh2 Bf4+ 41. Kg1 Be3+ 42. Kh2 Qxg4 43. Qxf7 Bf4+ 44. Kh1 Qf3+ 0-1

[Event "*** Titled Tuesday Blitz"]
[Site "Chess.com"]
[Date "2021.04.20"]
[Round "4"]
[White "Korchmar_Vasiliy"]
[Black "Arystanner"]
[Result "1-0"]
[WhiteElo "2647"]
[BlackElo "2803"]
[TimeControl "180+1"]
[EndTime "10:37:36 PDT"]
[Termination "Korchmar_Vasiliy won on time"]

1. d4 d5 2. Nf3 e6 3. Bf4 Nf6 4. e3 c5 5. Nbd2 Nc6 6. c3 Nh5 7. Bg5 Qb6 8. Rb1 h6 9. Bh4 g5 10. Ne5 Nxe5 11. dxe5 Ng7 12. Bg3 Nf5 13. Bd3 Nxg3 14.
hxg3 Bg7 15. Nf3 Bd7 16. g4 O-O-O 17. b4 Kb8 18. O-O c4 19. Be2 f6 20. Qd4 fxe5 21. Nxe5 Qc7 22. f4 Ba4 23. Bd1 Bxd1 24. Rbxd1 Rhf8 25. g3 Rf6 26. a4 Rff8 27. a5 a6 28. Rb1 Bxe5 29. fxe5 Qh7 30. Qb6 Qe4 31. Rxf8 Rxf8 32.
Qd6+ 1-0

[Event "*** Titled Tuesday Blitz"]
[Site "Chess.com"]
[Date "2021.04.20"]
[Round "4"]
[White "Fighterman91"]
[Black "Sadykov_Ramil"]
[Result "0-1"]
[WhiteElo "2614"]
[BlackElo "2481"]
[TimeControl "180+1"]
[EndTime "10:37:36 PDT"]
[Termination "Sadykov_Ramil won on time"]

1. e4 e5 2. Nf3 Nc6 3. d4 exd4 4. Nxd4 Nf6 5. Nxc6 bxc6 6. e5 Qe7 7. Qe2 Nd5 8.
h4 Bb7 9. c4 Nb6 10. Nc3 Qe6 11.
Bd2 O-O-O 12. O-O-O Kb8 13. f4 Ba6 14. b3 Ba3+ 15.
Kc2 Rhe8 16. Qf3 f6 17. exf6 Qxf6 18. Bd3 d5 19. c5 Bxd3+ 20. Qxd3 Bxc5 21. Qxh7 d4 22. Ne4 d3+ 23. Kb1 Qd4 24. Nxc5 Qxc5 25. Rc1 Qf2 26.
Rhd1 Qxg2 27. Qf5 Re2 28. Qa5 Kb7 29. f5 Rd5 30. Qc3 Rxf5 31. Qxd3 Rd5 0-1

[Event "*** Titled Tuesday Blitz"]
[Site "Chess.com"]
[Date "2021.04.20"]
[Round "4"]
[White "dpopadic"]
[Black "SilviusTiberius"]
[Result "0-1"]
[WhiteElo "2378"]
[BlackElo "2575"]
[TimeControl "180+1"]
[EndTime "10:37:39 PDT"]
[Termination "SilviusTiberius won by resignation"]

1. e4 e5 2. Nf3 Nc6 3. Bb5 Nf6 4. O-O Nxe4 5. d4 Nd6 6. dxe5 Nxb5 7. a4 Nbd4 8. Nxd4 d5 9. exd6 Nxd4 10. Qxd4 Qxd6 11.
Qe4+ Qe6 12. Qd4 Qd6 13. Qe4+ Be7 14. Bf4 Qc6 15. Qxc6+ bxc6 16. Re1 Be6 17. Bxc7 O-O 18. Nc3 Rac8 19. Be5 Rfd8 20. Red1 Bf5 21. Rac1 Bg5 22.
f4 Be7 23. Kf1 f6 24. Bd4 Bd6 25. Be3 a5 26. Kf2 Bb4 27. h3 Re8 28. Re1 h5 29. Bd4 Rxe1 30. Kxe1 Re8+ 31. Kf2 Bd6 32. Be3 Rb8 33.
Nd1 Rb4 34. b3 Bxf4 35. Bxf4 Rxf4+ 36. Ke3 Re4+ 37. Kf2 h4 38. Ne3 Be6 39. Rd1 f5 40.
Kf3 Rb4 41. Rd6 Kf7 42. Rxc6 f4 43. Nc4 Bd5+ 0-1

[Event "*** Titled Tuesday Blitz"]
[Site "Chess.com"]
[Date "2021.04.20"]
[Round "4"]
[White "mr_gustavo"]
[Black "SirStrateg"]
[Result "0-1"]
[WhiteElo "2400"]
[BlackElo "2614"]
[TimeControl "180+1"]
[EndTime "10:37:40 PDT"]
[Termination "SirStrateg won by resignation"]

1. e4 d6 2. d4 Nf6 3. Nc3 c6 4. Nf3 Bg4 5. h3 Bh5 6. Be2 e6 7. Be3 d5 8. e5 Nfd7 9. Nb1 c5 10. c3 Nc6 11. Nbd2 cxd4 12. cxd4 Be7 13. O-O O-O 14. a3 a5 15. Ne1 Bxe2 16. Qxe2 Qb6 17. Ndf3 Qa6 18.
Qxa6 Rxa6 19. Nd3 a4 20. Rfc1 Rb6 21. Nd2 Ra8 22. Rc2 Kf8 23. Rac1 Ke8 24. f4 g6 25. Kf2 Rb5 26. Nb1 Nb6 27. Nc3 Rb3 28. g4 Nc4 29. Ke2 Kd7 30. f5 Nxe3 31. Kxe3 Bg5+ 32.
Ke2 Bxc1 33. Rxc1 b6 34. fxe6+ fxe6 35. Ke3 Na5 36. Rc2 Nc4+ 37. Ke2 Kc6 38. Nb4+ Kd7 39. Nd3 Ke7 40. Nd1 g5 41. Nc3 b5 42. Nd1 h5 43.
N1f2 hxg4 44. hxg4 Rh8 45. Nc5 Rxb2 46. Rxb2 Nxb2 47.
Ke3 Nc4+ 0-1

[Event "*** Titled Tuesday Blitz"]
[Site "Chess.com"]
[Date "2021.04.20"]
[Round "4"]
[White "narutosmith"]
[Black "ajedrez1101"]
[Result "1-0"]
[WhiteElo "2314"]
[BlackElo "2136"]
[TimeControl "180+1"]
[EndTime "10:37:40 PDT"]
[Termination "narutosmith won on time"]

1. d4 b6 2. e4 Bb7 3. Bd3 e6 4. Nf3 d5 5. e5 c5 6. c3 Qc8 7. a4 Ba6 8. Bb5+ Nc6 9. O-O c4 10. b4 cxb3 11. Qxb3 Bxb5 12. axb5 Na5 13. Qd1 Qc4 14.
Ba3 Qxb5 15. Bxf8 Kxf8 16. Nbd2 Ne7 17. Ng5 Kg8 18. Qh5 Qe8 19. f4 h6 20. Nh3 g6 21.
Qf3 h5 22. Ng5 Kg7 23. c4 Nxc4 24. Nxc4 dxc4 25. Ne4 Nd5 26. Nd6 Qc6 27. f5 exf5 28. Qg3 Qd7 29. Nxf5+ Kh7 30. Nd6 Rhf8 31. Qg5 c3 32. Rf2 1-0

[Event "*** Titled Tuesday Blitz"]
[Site "Chess.com"]
[Date "2021.04.20"]
[Round "4"]
[White "rasmussvane"]
[Black "MMSANCHEZ"]
[Result "1-0"]
[WhiteElo "2868"]
[BlackElo "2553"]
[TimeControl "180+1"]
[EndTime "10:37:41 PDT"]
[Termination "rasmussvane won by resignation"]

1. Nf3 Nf6 2. g3 d5 3. Bg2 c5 4.
O-O Nc6 5. d4 cxd4 6. Nxd4 g6 7.
c4 Bg7 8. Nc3 e6 9. cxd5 Nxd5 10.
Nxd5 Nxd4 11. Bg5 f6 12. Qxd4 exd5 13. Bxd5 Be6 14. Qa4+ Qd7 15. Qxd7+ Kxd7 16. Bxe6+ Kxe6 17. Be3 f5 18. Rac1 Rhc8 19. b3 b6 20. f3 Be5 21.
Kf2 Bd6 22. Rfd1 Ba3 23. Rxc8 Rxc8 24. Rd4 Bc5 25. Rc4 Kd5 26. Bxc5 bxc5 27. Ra4 Rc7 28. Ke3 Kc6 29. Kf4 Kb5 30. h4 Re7 31. e3 Kc6 32. Rc4 Kd5 33. Rc2 Kd6 34. Rd2+ Kc6 35. Rd8 a5 36. Ra8 Kb6 37. Rd8 Kc6 38. h5 Rg7 39. h6 Re7 40. Rg8 Kd6 41. Rg7 c4 42.
bxc4 1-0

[Event "*** Titled Tuesday Blitz"]
[Site "Chess.com"]
[Date "2021.04.20"]
[Round "4"]
[White "Matols"]
[Black "catzapto"]
[Result "1-0"]
[WhiteElo "2264"]
[BlackElo "2091"]
[TimeControl "180+1"]
[EndTime "10:37:41 PDT"]
[Termination "Matols won by resignation"]

1. d4 Nf6 2. c4 e5 3. dxe5 Ng4 4.
Nf3 Nc6 5. Bf4 Bb4+ 6. Nbd2 Qe7 7. e3 Ncxe5 8. Nxe5 Nxe5 9. a3 Bxd2+ 10. Qxd2 d6 11. Be2 Be6 12. Rc1 O-O 13. O-O f5 14. c5 g5 15. cxd6 cxd6 16. Bg3 Rac8 17. Rfd1 Rxc1 18.
Rxc1 Rc8 19. Rxc8+ Bxc8 20. Qc1 Be6 21. h3 a6 22. b4 b5 23. Qc3 Bc4 24. Bxe5 Qxe5 25. Qxe5 dxe5 26. Bxc4+ bxc4 27. Kf1 Kf7 28. Ke2 Ke6 29.
Kd2 Kd5 30. Kc3 e4 31. a4 f4 32. b5 axb5 33. axb5 Kc5 34. b6 Kxb6 35. Kxc4 fxe3 36. fxe3 Kc6 37. Kd4 Kd6 38. Kxe4 Ke6 39. g3 h5 40.
g4 hxg4 41. hxg4 Kf6 42. Kd5 Kf7 43. Kd6 Kf8 44. e4 Ke8 45. e5 Kd8 46. e6 Ke8 47. e7 Kf7 48. Kd7 1-0

[Event "*** Titled Tuesday Blitz"]
[Site "Chess.com"]
[Date "2021.04.20"]
[Round "4"]
[White "Nf3c5"]
[Black "woodhy"]
[Result "0-1"]
[WhiteElo "2628"]
[BlackElo "2492"]
[TimeControl "180+1"]
[EndTime "10:37:42 PDT"]
[Termination "woodhy won by resignation"]

1. e4 e6 2. Qe2 Be7 3. Nf3 d5 4. d3 Nf6 5. g3 c5 6. Bg2 b6 7. Nbd2 Bb7 8. O-O Nc6 9. c3 Qc7 10. Re1 h6 11. h4 O-O-O 12. a3 Rdg8 13. b4 g5 14. hxg5 hxg5 15. b5 Na5 16. e5 Nd7 17. d4 g4 18. Nh2 cxd4 19. cxd4 Nc4 20. Ndf1 Bg5 21. a4 Rh7 22. Nxg4 Bxc1 23. Rexc1 Rgh8 24. a5 bxa5 25. Nfe3 Ndb6 26. Nf6 Rh6 27. Rxa5 Nxa5 28.
Rxc7+ Kxc7 29. Qd2 Nac4 30. Qb4 Nxe3 31. Qd6+ Kc8 32.
fxe3 Nc4 33. Qc5+ Kb8 34. Nd7+ Ka8 35. b6 Nxb6 36. Nxb6+ axb6 37. Qxb6 R8h7 38. Qa5+ Kb8 39. Qd8+ Ka7 40. Qg8 Rh8 41. Qxf7 R8h7 42. Qxe6 Rxe6 0-1

[Event "*** Titled Tuesday Blitz"]
[Site "Chess.com"]
[Date "2021.04.20"]
[Round "4"]
[White "Fraler15"]
[Black "frenchpin"]
[Result "0-1"]
[WhiteElo "2212"]
[BlackElo "2412"]
[TimeControl "180+1"]
[EndTime "10:37:42 PDT"]
[Termination "frenchpin won on time"]

1. e4 e6 2. d4 d5 3. e5 c5 4. c3 Nc6 5. Nf3 Qb6 6. Bd3 cxd4 7. cxd4 Bd7 8. O-O Nxd4 9. Nxd4 Qxd4 10. Nc3 a6 11.
Re1 Ne7 12. Be3 Qxe5 13. Qf3 Qf6 14. Qg3 Nf5 15. Bxf5 Qxf5 16. Rad1 Bc6 17. Bd4 Qg6 18. Qc7 Be7 19. Bxg7 Qxg7 20. Nxd5 Bxd5 21. Rxd5 Rg8 22.
g3 Rd8 23. Rxd8+ Bxd8 24. Qxb7 Qd4 25. Qc6+ Kf8 26. Qxa6 Bb6 27. Qe2 Rg5 28. Rd1 Re5 29. Qf3 Qe4 30. Qf6 Rf5 31. Qh8+ Ke7 32. Qc3 Bxf2+ 33.
Kf1 Bd4+ 34. Qf3 Qxf3+ 0-1